 Dungeon Crawl Stone Soup version 0.17-a0-1210-g1e4f09d (webtiles) character file.

8 SWAGNEMITE the Skirmisher (level 2, -1/22 HPs)
             Began as a Demonspawn Wanderer on June 3, 2015.
             Slain by a kobold (3 damage)
             ... on level 1 of the Dungeon.
             The game lasted 00:01:53 (155 turns).

SWAGNEMITE the Skirmisher (Demonspawn Wanderer)      Turns: 155, Time: 00:01:53

Health: -1/22      AC:  2    Str: 13    XL:     2   Next: 0%
Magic:  5/5        EV: 11    Int: 10    God:
Gold:   18         SH:  0    Dex: 14    Spells: 0 memorised, 5 levels left

rFire  . . .     SeeInvis .     a - +2 dagger
rCold  . . .     Clarity  .     e - +0 robe
rNeg   . . .     SustAt   .     (no shield)
rPois  .         Gourm    .     (no helmet)
rElec  .         Spirit   .     (no cloak)
rCorr  .         Warding  .     (no gloves)
rMut   .         Stasis   .     (no boots)
MR     .....                    (no amulet)
Stlth  ++........               (no ring)
                                (no ring)

@: not resistant to hostile enchantments, unstealthy
A: hooves 1
a: no special abilities


You were on level 1 of the Dungeon.
You were not hungry.

You visited 1 branch of the dungeon, and saw 1 of its levels.

You collected 18 gold pieces.

Inventory:

Hand weapons
 a - a +2 dagger (weapon)
Armour
 e - a +0 robe (worn)
Magical devices
 d - a wand of random effects (8)
Scrolls
 b - a scroll of blinking {!r}
 g - a scroll of teleportation {unknown}
Books
 c - the Papyrus of Envenoming

   Spells                             Type                      Level
   a - Sting                          Conjuration/Poison           1
   b - Spider Form                    Transmutation/Poison         3
Comestibles
 f - a bread ration {@e1}


   Skills:
 + Level 2.2 Fighting
 + Level 1.2 Stealth
   Level 1.0 Shields
 + Level 2.1 Spellcasting
   Level 1.7 Ice Magic
   Level 1.0 Air Magic
 + Level 1.3 Evocations


You had 5 spell levels left.
You didn't know any spells.

Dungeon Overview and Level Annotations

Branches:
Dungeon (1/15)

Altars:


Innate Abilities, Weirdness & Mutations

You have large cloven feet.


Message History

You regained 3 hp, and now have 11/16 hp.
The goblin moves out of view.
g - a scroll labeled CAJE BALALOT
Found a stone staircase leading down.
You see here a club.
A kobold comes into view. It is wielding a dagger.
The goblin shouts!
The kobold shouts!
A bat comes into view.
You barely miss the kobold. The kobold hits you with a dagger.
You take 2 damage, and have 9/16 hp.
You barely miss the kobold. The kobold hits you but does no damage.
You barely miss the kobold. The kobold barely misses you.
You don't know any spells.
Sorry, you're not good enough to have a special ability.
Aim: a kobold, wielding a dagger The kobold suddenly stops moving!
This wand has 14 charges left.
The helpless kobold fails to defend itself.
You hit the kobold.
You kill the kobold!
Aim: a goblin The bolt of negative energy hits the goblin.
The goblin is drained!
You kill the goblin!
This wand has 13 charges left.
Things that are here:
a dagger; a goblin corpse; a kobold corpse No target in view!
No target in view!
You start resting.
You hit the bat. The bat hits you but does no damage.
The bat closely misses you.
You closely miss the bat. The bat hits you but does no damage.
The bat closely misses you. x2
You closely miss the bat. The bat closely misses you.
The bat hits you but does no damage.
You hit the bat.
You kill the bat!
No target in view!
No target in view!
You see here a bat corpse.
You start resting.
A kobold comes into view.
A kobold is nearby!
The kobold shouts!
A giant newt comes into view.
Aim: a giant newt (hasn't noticed you)
The magic dart hits the giant newt.
You kill the giant newt!
This wand has 12 charges left.
The kobold throws a stone.
The stone closely misses you.
Aim: a kobold Nothing appears to happen.
This wand has 11 charges left.
The kobold throws a stone.
The stone barely misses you.
Aim: a kobold The puff of flame hits the kobold.
This wand has 10 charges left.
The kobold throws a stone.
The stone hits you but does no damage.
A giant gecko comes into view.
Aim: a kobold (almost dead)
The puff of frost hits the kobold.
You kill the kobold!
You have reached level 2!
Your demonic ancestry asserts itself...
Your feet thicken and deform.
This wand has 9 charges left.
You regained 5 hp, and now have 16/22 hp.
MP restored: 5 The giant gecko hisses menacingly.
Aim: a giant gecko (clinging)
The giant gecko seems to slow down.
This wand has 8 charges left.
A kobold comes into view.
The kobold shouts!
A giant newt comes into view.
You miss the giant gecko. The giant gecko bites you.
You take 3 damage, and have 13/22 hp.
You closely miss the giant gecko. Your kick misses the giant gecko.
The giant gecko completely misses you.
You barely miss the giant gecko. Your kick misses the giant gecko.
The giant gecko bites you. The kobold closely misses you.
You take 4 damage, and have 9/22 hp.
You miss the giant gecko. Your kick misses the giant gecko.
The kobold hits you.
You take 2 damage, and have 7/22 hp.
You hit the giant gecko but do no damage.
Your kick misses the giant gecko. The giant gecko barely misses you.
The kobold misses you.
You barely miss the giant gecko.
You kick the giant gecko, but do no damage.
The giant gecko barely misses you. The kobold hits you but does no damage.
You hit the giant gecko. Your kick misses the giant gecko.
The giant newt bites you.
* * * LOW HITPOINT WARNING * * *
The giant gecko barely misses you. The kobold hits you.
* * * LOW HITPOINT WARNING * * *
You take 5 damage, and have 2/22 hp.
MASSIVE DAMAGE!!
You hit the giant gecko but do no damage.
Your kick misses the giant gecko. The giant newt closely misses you.
The giant gecko bites you but does no damage.
The kobold hits you.
You die...

... #.# #.# ## #(# #.. #.#
... ##### ###.###.#.. ...
..##.llK...... #.#
#.##..@>.#.#
####.######.##.....#.# #
.........##.##...(†#.# .#
.........##.#....(.#.##.#
'######..##.#......#....#
......#..##.#......#....#
......#....†#......#.#..#.#
......#..##.)......)......#
..<...#..##.##########......


You could see a giant gecko, a kobold and a giant newt.

Vanquished Creatures
  A giant cockroach (D:1)
  2 goblins (D:1)
  A bat (D:1)
  A giant newt (D:1)
  2 kobolds (D:1)
  A rat (D:1)
8 creatures vanquished.

Notes
Turn   | Place    | Note
--------------------------------------------------------------
     0 | D:1      | SWAGNEMITE the Demonspawn Wanderer began the quest for the Orb.
     0 | D:1      | SWAGNEMITE set off with: a +2 dagger, a scroll of blinking {!r}, the Papyrus of Envenoming, a wand of random effects (15), a +0 robe, a bread ration {@e1}
     0 | D:1      | Reached XP level 1. HP: 16/16 MP: 3/3
     0 | D:1      | Identified the Papyrus of Envenoming
   143 | D:1      | Gained mutation: You have large cloven feet. [demonic ancestry]
   143 | D:1      | Reached XP level 2. HP: 15/22 MP: 5/5
   154 | D:1      | HP: 5/22 [giant newt (2)]
   154 | D:1      | HP: 2/22 [kobold (3)]
   155 | D:1      | Slain by a kobold

Vault maps used:
D:1:      lemuel_arrival_room, nemelex_altar_shiori

Action                   || total
-------------------------++-------
Melee: Dagger            ||    25
Evoke: Wand              ||     7
 Stab: Paralysed         ||     1

Vault maps used:
D:1:      lemuel_arrival_room, nemelex_altar_shiori

Table legend:
 A = Turns spent in this place as a percentage of turns spent in the entire game.
 B = Non-inter-level travel turns spent in this place as a percentage of non-inter-level travel turns spent in the entire game.
 C = Inter-level travel turns spent in this place as a percentage of turns spent in this place.
 D = Turns resting spent in this place as a percentage of non-inter-level travel turns spent in this place.
 E = Turns spent auto-exploring this place as a percentage of non-inter-level travel turns spent in this place.
 F = Non-inter-level travel turns spent in this place divided by the number of levels of this place that you've seen.
                   A       B       C       D       E      F
               +-------+-------+-------+-------+-------+----------------------
         Total | 100.0 | 100.0 |   0.0 |   6.7 |   1.1 |  90.0
       Dungeon | 100.0 | 100.0 |   0.0 |   6.7 |   1.1 |  90.0
               +-------+-------+-------+-------+-------+----------------------

Table legend:
 A = Kills in this place as a percentage of kills in entire the game.
 B = Kills by you in this place as a percentage of kills by you in the entire game.
 C = Kills by friends in this place as a percentage of kills by friends in the entire game.
 D = Other kills in this place as a percentage of other kills in the entire game.
 E = Experience gained in this place as a percentage of experience gained in the entire game.
 F = Experience gained in this place divided by the number of levels of this place that you have seen.
                   A       B       C       D       E      F
               +-------+-------+-------+-------+-------+----------------------
         Total | 100.0 | 100.0 |  -nan |  -nan | 100.0 |  12.0
       Dungeon | 100.0 | 100.0 |  -nan |  -nan | 100.0 |  12.0
               +-------+-------+-------+-------+-------+----------------------
